 Dungeon Crawl Stone Soup version 0.31-a0-232-gb1c03b2570 (webtiles) character file.

Game seed: 8848901680225398911

296 qw the Shooter (level 6, 0/37 HPs)
             Began as a Gargoyle Hexslinger on July 7, 2023.
             Slain by Blork the orc
             ... wielding a +0 dire flail
              (9 damage)
             ... on level 4 of the Dungeon.
             The game lasted 00:01:15 (3180 turns).

qw the Shooter (Gargoyle Hexslinger)                Turns: 3180, Time: 00:01:16

Health: 0/37       AC:  9    Str: 12    XL:     6   Next: 35%
Magic:  7/7        EV: 10    Int: 13    God:
Gold:   172        SH:  0    Dex: 14    Spells: 6/7 levels left

rFire   . . .        Y - +1 sling
rCold   . . .        (no shield)
rNeg    + + .        b - +0 ring mail
rPois   inf          (no helmet)
rElec   +            (no cloak)
rCorr   .            (no gloves)
SInv    .            (no boots)
Will    .....        (no amulet)
Stlth   +            f - ring of positive energy
HPRegen 0.26/turn    (no ring)
MPRegen 0.10/turn

%: no passive effects
@: no status effects
A: sickness immunity, AC +4, negative energy resistance 1, electricity
resistance, torment resistance 1, petrification resistance, mutation resistance
1
a: no special abilities


You were on level 4 of the Dungeon.
You visited 1 branch of the dungeon, and saw 4 of its levels.

You collected 172 gold pieces.


Innate Abilities, Weirdness & Mutations

You are immune to sickness and miasma.
Your stone body is resilient. (AC +4)
You are immune to poison.
You resist negative energy. (rN+)
You are resistant to electric shocks. (rElec)
You are resistant to unholy torment.
You are immune to petrification.
You are somewhat resistant to further mutation.


   Skills:
 - Level 3.0 Fighting
 + Level 5.7 Ranged Weapons
 - Level 1.1 Armour
 - Level 1.5 Dodging
 - Level 1.0 Spellcasting
 - Level 2.6 Hexes


You had 6 spell levels left.
You knew the following spells:

 Your Spells              Type           Power      Damage    Failure   Level
a - Slow                  Hex            28%        N/A       22%         1

Your spell library contained the following spells:

 Spells                   Type           Power      Damage    Failure   Level
 Inner Flame              Hex/Fire       4%         N/A       73%         3
 Portal Projectile        Hex/Tloc       8%         N/A       73%         3
 Cause Fear               Hex            3%         N/A       91%         4

Inventory:

Hand Weapons
 Y - a +1 sling (weapon)
Armour
 b - a +0 ring mail (worn)
Jewellery
 a - a +6 ring of strength
 f - a ring of positive energy (left hand)
Potions
 c - 2 potions of haste {unknown}
 d - a potion of might
 e - a potion of magic {unknown}
 g - a potion of mutation

Dungeon Overview and Level Annotations

Branches:
Dungeon (4/15)
 Temple: D:4-7

Altars:
Elyvilon
Ru

Annotations:
D:3 Terence
D:4 Blork the orc


Message History

You open the door.
There is an open door here.
You open the door.
There is an open door here.
As you open the door, it creaks loudly!
There is an open door here.
A goblin comes into view. It is wielding a +0 dagger.
The goblin shouts!
You hear a shout!
Blork the orc comes into view.
He is wielding a +0 dire flail.
The goblin moves out of view.
You see here a +0 helmet.
Enter note:
Enter note:
Enter note: You shoot a sling bullet.
The sling bullet hits Blork the orc.
Blork the orc is lightly wounded.
You shoot a sling bullet. The sling bullet hits the goblin.
You kill the goblin!
Blork the orc screams, "I'll crush all your ribs!
One by one!"
You shoot a sling bullet. The sling bullet hits Blork the orc.
Blork the orc is moderately wounded.
Blork the orc hits you with a +0 dire flail.
You shoot a sling bullet. The sling bullet hits Blork the orc!
Blork the orc is heavily wounded.
Blork the orc hits you with a +0 dire flail!
You shoot a sling bullet. The sling bullet hits Blork the orc.
Blork the orc is severely wounded.
Blork the orc barely misses you.
You shoot a sling bullet. The sling bullet hits Blork the orc.
Blork the orc is almost dead.
Blork the orc gestures at you while chanting.
The puff of frost hits you!
You shoot a sling bullet.
The sling bullet barely misses Blork the orc.
Blork the orc barely misses you.
Blork the orc hits you with a +0 dire flail!
You shoot a sling bullet.
The sling bullet barely misses Blork the orc.
Blork the orc hits you with a +0 dire flail!
You die...

# . ###+###+### ##
#.. ... #..#.......
.# ..
.....####..#.......
.##.#
.......@'..'###+##
.#..#
...###o##..#.+...+
.#.# #) #..#.#...#
..# #. +##'.#._.#
..# #. #..#.#...#
.## ## #..#.'...+
.# +..'###+###+ ##
#..#.......# #
#..#.......#


You could see Blork the orc.

Vanquished Creatures
  2 scorpions (D:4)
  A sleepcap (D:2)
  An orc wizard (D:3)
  A river rat (D:3)
  4 adders
  2 dart slugs
  3 orcs
  5 endoplasms
  3 giant cockroaches
  4 goblins
  5 hobgoblins
  3 jackals (D:2)
  3 quokkas
  5 ball pythons
  5 bats
  3 frilled lizards
  3 kobolds (D:1)
  A rat (D:2)
54 creatures vanquished.

Vanquished Creatures (others)
  An orc wizard (D:3)
1 creature vanquished.

Grand Total: 55 creatures vanquished

Notes
Turn   | Place    | Note
-------+----------+-------------------------------------------
     0 | D:1      | qw the Gargoyle Hexslinger began the quest for the Orb.
     0 | D:1      | Reached XP level 1. HP: 12/12 MP: 2/2
     0 | D:1      | 0 ||| qw: Version: 0.3-a-46-gb1f654a
     0 | D:1      | 0 ||| qw: Game counter: 2984
     0 | D:1      | 0 ||| qw: Melee chars always use a shield: true
     0 | D:1      | 0 ||| qw: God list: Okawaru
     0 | D:1      | 0 ||| qw: Allow faded altars: false
     0 | D:1      | 0 ||| qw: Do Orc after clearing Dungeon:15 true
     0 | D:1      | 0 ||| qw: Do second Lair branch before Depths: true
     0 | D:1      | 0 ||| qw: Lair rune preference: random
     0 | D:1      | 0 ||| qw: Goals: Normal
     0 | D:1      | 0 ||| PLANNING D:1-11
   128 | D:1      | Reached XP level 2. HP: 12/16 MP: 3/3
   564 | D:1      | 564 ||| FLEEEEING.
   565 | D:1      | 565 ||| FLEEEEING.
   576 | D:1      | Reached skill level 3 in Ranged Weapons
   996 | D:1      | 996 ||| READING scroll labelled XIYHE BAMAZUC.
   997 | D:1      | 997 ||| READING scroll labelled REN GUFOUN.
   998 | D:1      | 998 ||| READING scroll labelled BYGHUBR BOAFFE.
  1002 | D:1      | 1002 ||| READING scroll labelled METSOI YSOLIKK.
  1003 | D:1      | 1003 ||| DRINKING 3 sedimented blue potions.
  1004 | D:1      | 1004 ||| DROPPING scroll of poison.
  1005 | D:1      | 1005 ||| DROPPING 2 potions of attraction.
  1095 | D:2      | Reached skill level 3 in Fighting
  1095 | D:2      | Reached XP level 3. HP: 12/23 MP: 4/4
  1228 | D:2      | Reached XP level 4. HP: 26/28 MP: 5/5
  1262 | D:2      | Found a faded altar of an unknown god.
  1508 | D:2      | 1508 ||| UPGRADING to +0 leather armour.
  1518 | D:2      | 1518 ||| DROPPING +0 robe.
  1519 | D:2      | 1519 ||| DROPPING ring of flight.
  1520 | D:2      | 1520 ||| UPGRADING to ring of positive energy.
  1521 | D:2      | 1521 ||| DRINKING 2 white potions.
  1533 | D:3      | 1533 ||| PLANNING SEWER
  1687 | D:3      | Reached skill level 4 in Ranged Weapons
  1694 | D:3      | Reached XP level 5. HP: 16/32 MP: 6/6
  1712 | D:3      | 1712 ||| FLEEEEING.
  1713 | D:3      | 1713 ||| FLEEEEING.
  1720 | D:3      | 1720 ||| FLEEEEING.
  1721 | D:3      | 1721 ||| FLEEEEING.
  1722 | D:3      | 1722 ||| FLEEEEING.
  1723 | D:3      | 1723 ||| FLEEEEING.
  1724 | D:3      | 1724 ||| FLEEEEING.
  1725 | D:3      | 1725 ||| FLEEEEING.
  1726 | D:3      | 1726 ||| FLEEEEING.
  1727 | D:3      | 1727 ||| FLEEEEING.
  1730 | D:3      | 1730 ||| FLEEEEING.
  1731 | D:3      | 1731 ||| FLEEEEING.
  1737 | D:3      | 1737 ||| STAIRDANCE
  1755 | D:2      | 1755 ||| UPGRADING to +0 ring mail.
  1765 | D:2      | 1765 ||| DROPPING +0 leather armour.
  1766 | D:2      | 1766 ||| DRINKING 2 fuming blue potions.
  1766 | D:2      | Gained mutation: Your spells are a little easier to cast,
                  | but a little less powerful. [potion of mutation]
  1766 | D:2      | Gained mutation: You are somewhat resistant to further
                  | mutation. [potion of mutation]
  1766 | D:2      | Lost mutation: Your spells are a little easier to cast, but
                  | a little less powerful. [potion of mutation]
  1771 | D:3      | 1771 ||| STAIRDANCE
  1994 | D:3      | Found a sacrificial altar of Ru.
  2208 | D:3      | Reached skill level 1 in Armour
  2214 | D:3      | 2214 ||| RIP SEWER
  2215 | D:3      | 2215 ||| PLANNING D:1-11
  2291 | D:3      | 2291 ||| STAIRDANCE
  2515 | D:3      | Noticed Terence
  2533 | D:3      | HP: 2/32 [Terence/+1 falchion of electrocution (9)]
  2534 | D:3      | 2534 ||| READING scroll of teleportation.
  2705 | D:3      | 2705 ||| Stepping ~*~*~tactically~*~*~ (water).
  2938 | D:4      | Reached skill level 5 in Ranged Weapons
  2938 | D:4      | Reached XP level 6. HP: 21/37 MP: 7/7
  3159 | D:4      | Found a white marble altar of Elyvilon.
  3172 | D:4      | Noticed Blork the orc
  3179 | D:4      | HP: 8/37 [Blork the orc/+0 dire flail (8)]
  3180 | D:4      | Slain by Blork the orc

Levels and vault maps discovered:
D:1:      onia_arrival_mini_maze_b, layout_basic,
          hangedman_abyss_or_decor_stabs, minmay_pentomino_t4
D:2:      layout_basic, shapermc_ecumenical_altar_acropolis
D:3:      layout_loops_ring, lemuel_crystal_altar, gup_sewer_entry_spiral,
          kennysheep_generic_room_14, uniq_terence
D:4:      layout_cave_pods, mainiacjoe_overflow_24_doors, uniq_blork_the_orc,
          uniq_menkaure

Skill      XL: |  1  2  3  4  5 |
---------------+----------------+-----
Ranged Weapons | 3 4 5 |  5.7
Fighting       | 3 |  3.0
Armour         | 1 |  1.1
Dodging        | |  1.5
Spellcasting   | |  1.0
Hexes          | |  2.6

Action                     |  1- 3 |  4- 6 || total
---------------------------+-------+-------++-------
   Fire: Sling             |   107 |   184 ||   291
    Use: Scroll            |     4 |     1 ||     5
         Potion            |     1 |     2 ||     3
 Armour: Robe              |    20 |     7 ||    27
         Leather armour    |       |    10 ||    10
         Ring mail         |       |    59 ||    59
  Dodge: Dodged            |    44 |    73 ||   117

Table legend:
 A = Non-vault XP
 B = Vault XP
 C = Vault XP percentage of total XP
 D = Non-vault monster count
 E = Vault monster count
 F = Vault count percentage of total count
                 A         B        C        D         E       F
            +---------+---------+-------+---------+---------+-------
      Total |     356 |      68 |  16.0 |      44 |      11 |  20.0
            +---------+---------+-------+---------+---------+-------
        D:1 |      20 |       9 |  31.0 |      13 |       4 |  23.5
        D:2 |      70 |       0 |   0.0 |      13 |       0 |   0.0
        D:3 |      90 |      59 |  39.6 |      13 |       7 |  35.0
        D:4 |     176 |       0 |   0.0 |       5 |       0 |   0.0
            +---------+---------+-------+---------+---------+-------
